 Dungeon Crawl Stone Soup version 0.26-a0-649-gf8c6c3aab7 (webtiles) character file.

Game seed: 6270563275534989098

284 Drevant2 the Slinger (level 6, -9/39 HPs)
             Began as a Halfling Hunter on Sept 26, 2020.
             Killed from afar by an orc wizard (11 damage)
             ... with a puff of flame
             ... on level 3 of the Dungeon.
             The game lasted 00:09:22 (3387 turns).

Drevant2 the Slinger (Halfling Hunter)              Turns: 3387, Time: 00:09:23

Health: -9/39      AC:  5    Str: 13    XL:     6   Next: 55%
Magic:  6/6        EV: 14    Int:  9    God:
Gold:   113        SH:  0    Dex: 17    Spells: 5/5 levels left

rFire    . . .     SeeInvis .   b - +0 short sword
rCold    . . .     Faith    .   i - +2 buckler
rNeg     . . .     Spirit   .   c - +0 leather armour
rPois    .         Reflect  .   (no helmet)
rElec    .         Harm     .   m - +0 cloak
rCorr    .         Rampage  .   (no gloves)
MR       .....                  f - +0 pair of boots
Stlth    +.........             (no amulet)
HPRegen  0.13/turn              (no ring)
MPRegen  0.10/turn              (no ring)

@: confused
A: small, mutation resistance 1
a: no special abilities


You were on level 3 of the Dungeon.
You visited 1 branch of the dungeon, and saw 4 of its levels.

You collected 113 gold pieces.

Inventory:

Hand Weapons
 a - a +1 hunting sling
 b - a +0 short sword (weapon)
Missiles
 h - 15 stones (quivered)
Armour
 c - a +0 leather armour (worn)
 f - a +0 pair of boots (worn)
 i - a +2 buckler (worn)
 m - a +0 cloak (worn)
Jewellery
 o - a +4 ring of slaying {unknown}
 t - an uncursed ring of see invisible {unknown}
Scrolls
 e - 5 scrolls of remove curse {unknown}
 g - a scroll of teleportation {unknown}
 k - 4 scrolls of identify {unknown}
 p - 2 scrolls of immolation {unknown}
 q - a scroll of magic mapping {unknown}
 s - 2 scrolls of enchant weapon {unknown}
 u - a scroll of enchant armour {unknown}
 w - a scroll of fog {unknown}
 x - a scroll of fear {unknown}
Potions
 j - a potion of curing
 l - a potion of lignification {unknown}
 n - a potion of haste {unknown}
 r - a potion of heal wounds {unknown}
 v - a potion of stabbing {unknown}
 z - a potion of might {unknown}


   Skills:
 - Level 1.7 Fighting
 * Level 9.5 Slings
 - Level 2.1 Dodging
 - Level 1.1 Stealth
 + Level 3.3 Shields


You had 5 spell levels left.
You didn't know any spells.
Your spell library was empty.

Dungeon Overview and Level Annotations

Branches:
Dungeon (4/15)
 Temple: D:4-7

Altars:


Innate Abilities, Weirdness & Mutations

You are small and have problems with some larger weapons.
You are somewhat resistant to further mutation.


Message History

* * * LOW HITPOINT WARNING * * *
It was a potion of curing.
You feel better.
The orc priest mumbles some strange prayers to Beogh against you.
Beogh smites you!
* * * LOW HITPOINT WARNING * * *
Something hits you but does no damage.
It was a potion of ambrosia.
You are confused.
You feel invigorated. The orc priest closely misses you.
You hear some strange, mumbled words.
A magic dart appears from out of thin air!
The magic dart hits you!
* * * LOW HITPOINT WARNING * * *
Okay, then.
The orc priest hits you with a +0 hand axe.
* * * LOW HITPOINT WARNING * * *
You hear some strange, mumbled words.
A puff of flame appears from out of thin air!
The puff of flame hits you!
You die...

.....####.....##.#..#...)# #.# ##
#.............##.##....).# #.# #.
#..........[.............# #.# #.
#................#.......###.###.
#...................###......#...
#....[..................)........
#.........#...........#).........
#.............................##.
#.............#o@......#.....##..
#..........#....>.....)#.....##..
#.........#....{...<...###..##...
.####.##......#..รท...............
.####.##.........>......#........
.##.........###..<....###........
.##.........###..................
.##............[##.....##........
.##.........##....##...#.........


You could see an orc priest.

Vanquished Creatures
  A hound (D:3)
  An orc priest (D:4)
  An orc wizard (D:4)
  A worker ant (D:2)
  4 gnolls
  3 adders (D:3)
  2 oozes
  4 worms
  A dart slug (D:1)
  4 leopard geckos
  9 orcs
  8 hobgoblins
  6 jackals
  A quokka (D:4)
  4 ball pythons
  9 bats
  4 frilled lizards
  3 goblins
  7 kobolds
  A leopard gecko zombie (D:2)
  8 rats
82 creatures vanquished.

Vanquished Creatures (others)
  2 plants (D:2)
2 creatures vanquished.

Grand Total: 84 creatures vanquished

Notes
Turn   | Place    | Note
-------+----------+-------------------------------------------
     0 | D:1      | Drevant2 the Halfling Hunter began the quest for the Orb.
     0 | D:1      | Reached XP level 1. HP: 14/14 MP: 1/1
    53 | D:1      | Reached skill level 6 in Slings
    55 | D:1      | Reached XP level 2. HP: 19/19 MP: 2/2
   445 | D:1      | Reached XP level 3. HP: 24/24 MP: 3/3
   491 | D:1      | Reached skill level 7 in Slings
   740 | D:1      | Reached skill level 1 in Shields
  1054 | D:2      | Reached XP level 4. HP: 29/29 MP: 4/4
  1319 | D:2      | Reached skill level 8 in Slings
  1439 | D:2      | Reached XP level 5. HP: 34/34 MP: 5/5
  2573 | D:4      | Reached skill level 9 in Slings
  2573 | D:4      | Reached XP level 6. HP: 39/39 MP: 6/6
  2602 | D:4      | Noticed a phantom
  2700 | D:4      | Noticed a phantom
  3387 | D:3      | Killed from afar by an orc wizard

Illustrated notes

Levels and vault maps discovered:
D:1:      scummos_arrival_hexagon, layout_basic
D:2:      layout_basic, serial_forest, infiniplex_forest_corner_1,
          infiniplex_forest_side_room, infiniplex_forest_zigzag_2,
          infiniplex_forest_end_double, infiniplex_forest_lined_room_3,
          infiniplex_forest_side_room, infiniplex_forest_straight_1,
          infiniplex_forest_lined_ring, minmay_misc_feat_square
D:3:      layout_rooms
D:4:      layout_rooms

Skill      XL: |  1  2  3  4  5  6 |
---------------+-------------------+-----
Slings         | 6 7 8 9 |  9.5
Shields        | 1 2 3 |  3.3
Fighting       | |  1.7
Dodging        | |  2.1
Stealth        | |  1.1

Action                   |  1- 3 |  4- 6 || total
-------------------------+-------+-------++-------
Melee: Short sword       |       |    20 ||    20
 Fire: Hunting sling     |    61 |   199 ||   260
  Use: Potion            |       |     2 ||     2
Armor: Leather armour    |     3 |    18 ||    21
Dodge: Dodged            |     5 |    64 ||    69
Block: Buckler           |     6 |    35 ||    41

Table legend: (Time is in decaauts)
 A = Elapsed time spent in this place.
 B = Non-inter-level travel time spent in this place.
 C = Inter-level travel time spent in this place.
 D = Time resting spent in this place.
 E = Time spent auto-exploring this place.
 F = Levels seen in this place.
 G = Mean time per level.
                   A        B        C        D        E       F      G
               +--------+--------+--------+--------+--------+-----+--------+
         Total |   3345 |   2922 |    423 |    413 |   1845 |   4 |  836.2 |
       Dungeon |   3345 |   2922 |    423 |    413 |   1845 |   4 |  836.2 |
               +--------+--------+--------+--------+--------+-----+--------+

Top non-repeatable levels by time:
     D:2: 1120 daAuts
     D:3: 1012 daAuts
     D:1: 869 daAuts
     D:4: 343 daAuts
